 Dungeon Crawl Stone Soup version 0.31-a0-142-g31f6795574 (webtiles) character file.

Game seed: 13036952648398919197

277 mopl the Magician (level 6, -2/36 HPs)
             Began as an Octopode Hedge Wizard on June 3, 2023.
             Was an Initiate of Vehumet.
             Slain by Grinder (10 damage)
             ... while paralysed by Grinder
             ... on level 4 of the Dungeon.
             The game lasted 00:05:45 (3139 turns).

mopl the Magician (Octopode Hedge Wizard)           Turns: 3139, Time: 00:05:45

Health: -2/36      AC:  1    Str: 10    XL:     6   Next: 26%
Magic:  12/12      EV:  2    Int: 18    God:    Vehumet [......]
Gold:   90         SH:  0    Dex: 11    Spells: 4/13 levels left

rFire   . . .        a - +0 dagger
rCold   . . .        (no shield)
rNeg    . . .        b - +0 hat
rPois   .            g - amulet of magic regeneration
rElec   .            l - +5 ring of evasion
rCorr   .            (no ring)
SInv    .            (no ring)
Will    .....        (no ring)
Stlth   +++          (no ring)
HPRegen 0.26/turn    (no ring)
MPRegen 0.53/turn    (no ring)
                     (no ring)

%: no passive effects
@: paralysed
A: almost no armour, amphibious, 8 rings, camouflage 1, gelatinous body 1,
(nimble swimmer 1), tentacles
a: Renounce Religion


You were on level 4 of the Dungeon.
You worshipped Vehumet.
Vehumet was noncommittal.
You visited 2 branches of the dungeon, and saw 5 of its levels.

You collected 210 gold pieces.
You spent 120 gold pieces at shops.

Inventory:

Hand Weapons
 a - a +0 dagger (weapon)
Missiles
 q - 3 poisoned darts
Armour
 b - a +0 hat (worn)
Magical Staves
 m - a staff of cold
Jewellery
 g - an amulet of magic regeneration (around mantle)
 l - a +5 ring of evasion (left tentacle)
Wands
 d - a wand of mindburst (8)
Scrolls
 i - 2 scrolls of teleportation {unknown}
 o - a scroll of enchant weapon {unknown}
 s - a scroll of poison {unknown}
 t - a scroll of fear {unknown}
Potions
 c - a potion of magic
 e - a potion of berserk rage {!q}
 f - 2 potions of curing
 h - a potion of lignification {!q}
 j - 2 potions of enlightenment
 k - 2 potions of heal wounds
 n - a potion of resistance
 p - a potion of cancellation
 r - 3 potions of might
 u - 2 potions of degeneration {unknown}


   Skills:
 - Level 2.0 Dodging
 - Level 2.6 Stealth
 + Level 4.2 Spellcasting
 + Level 3.1 Conjurations
 - Level 1.0 Summonings
 + Level 0.0 Necromancy
 - Level 3.0 Translocations
 + Level 2.4 Air Magic


You had 4 spell levels left.
You knew the following spells:

 Your Spells              Type           Power      Damage    Failure   Level
a - Magic Dart            Conj           60%        1d6       4%          1
b - Vampiric Draining     Necr           3%         2d6       38%         3
c - Mephitic Cloud        Conj/Pois/Air  10%        N/A       21%         3
e - Blink                 Tloc           28%        N/A       6%          2

Your spell library contained the following spells:

 Spells                   Type           Power      Damage    Failure   Level
 Necrotise                Necr           12%        1d4       14%         1
 Slow                     Hex            12%        N/A       14%         1
 Call Imp                 Summ           14%        N/A       14%         2
 Cigotuvi's Dreadful Rot  Necr/Pois/Air  12%        N/A       16%         2
 Agony                    Necr           3%         N/A       98%         5


Dungeon Overview and Level Annotations

Branches:
Dungeon (4/15)             Temple (1/1) D:4

Altars:
Ashenzari
Cheibriados
Fedhas
Gozag
Makhleb
Nemelex Xobeh
Ru
Sif Muna
Uskayaw
Vehumet
Xom
The Shining One

Shops:
D:3 (!=

Annotations:
D:3 3 runed translucent doors, Crazy Yiuf; Natasha; sastreii's ghost, amateur DrDe
D:4 Grinder


Innate Abilities, Weirdness & Mutations

You cannot wear most types of armour.
You are amphibious.
You can wear up to eight rings at the same time.
Your skin changes colour to match your surroundings (Stealth+).
Your rubbery body absorbs attacks. (AC +1, EV +1)
((You are camouflaged when in or above water. (Stealth+)))
You have tentacles for arms and can constrict up to eight enemies at once.


Message History

Grinder's mind is blasted!
Unknown command.
Aiming: Mindburst
Press: ? - help, Shift-Dir - straight line, f/p - Grinder
Aim: Grinder (heavily wounded, chance to affect: 64%) Grinder struggles to resist.
Unknown command.
Aiming: Mindburst
Press: ? - help, Shift-Dir - straight line, f/p - Grinder
Aim: Grinder (heavily wounded, chance to affect: 64%) Grinder struggles to resist.
A kobold comes into view. It is wielding a +0 short sword.
Unknown command.
You closely miss Grinder. Your grab misses Grinder.
Grinder is heavily wounded.
Grinder hits you!
You writhe in agony.
You hit Grinder. You grab Grinder.
Grinder is heavily wounded.
You constrict Grinder. Grinder hits you but does no damage.
Aiming: Mindburst
Press: ? - help, Shift-Dir - straight line, f/p - Grinder
Aim: Grinder (heavily wounded, constricted by you, chance to affect: 64%) Grinder's mind is blasted!
You constrict Grinder. Grinder gestures at you. Pain shoots through your body!
Unknown command.
Aiming: Mindburst
Press: ? - help, Shift-Dir - straight line, f/p - Grinder
Aim: Grinder (almost dead, constricted by you, chance to affect: 64%) Grinder struggles to resist.
You constrict Grinder. Grinder gestures at you.
You suddenly lose the ability to move!
You lose your grip on Grinder.
Grinder hits you.
You writhe in agony.
* * * LOW HITPOINT WARNING * * *
Grinder hits you.
* * * LOW HITPOINT WARNING * * *
You writhe in agony.
* * * LOW HITPOINT WARNING * * *
Grinder hits you!
You die...

#........# ...#
##...#.#.# ....
#.....#.# .#.#.
#.##.##.# .....
#.##.##.# ....
#.......# #..#
########.####
####.K5##........#
.......@..########
####...#### ####
#. #.##


You could see Grinder and a kobold.

Vanquished Creatures
  A hound (D:4)
  An orc priest (D:3)
  Jessica (D:3)
  4 gnolls (D:3)
  6 adders
  A worm (D:2)
  2 dart slugs
  3 orcs (D:3)
  10 bats
  9 endoplasms
  4 giant cockroaches
  6 goblins
  6 hobgoblins
  7 jackals
  8 quokkas
  4 ball pythons
  A frilled lizard (D:1)
  3 kobolds
  8 rats
85 creatures vanquished.

Notes
Turn   | Place    | Note
-------+----------+-------------------------------------------
     0 | D:1      | mopl the Octopode Hedge Wizard began the quest for the Orb.
     0 | D:1      | Reached XP level 1. HP: 11/11 MP: 4/4
   102 | D:1      | Reached XP level 2. HP: 13/17 MP: 3/6
   127 | D:1      | Learned a level 2 spell: Blink
   407 | D:1      | Reached XP level 3. HP: 21/21 MP: 7/7
   411 | D:1      | Learned a level 3 spell: Mephitic Cloud
   861 | D:2      | Reached skill level 2 in Conjurations
   889 | D:2      | Reached skill level 2 in Translocations
   969 | D:2      | Reached skill level 1 in Air Magic
  1037 | D:2      | Reached XP level 4. HP: 27/27 MP: 7/9
  1576 | D:3      | Found Kyp Vimn's Jewellery Shop.
  1590 | D:3      | Found a large runed translucent door.
  1590 | D:3      | Found a large runed translucent door.
  1594 | D:3      | Noticed sastreii's ghost (amateur DrDe)
  1644 | D:3      | Found Mudac's Weapon Boutique.
  1680 | D:3      | Reached XP level 5. HP: 19/31 MP: 10/10
  1862 | D:3      | Noticed Natasha
  1923 | D:3      | Noticed Jessica
  1931 | D:3      | Killed Jessica
  1932 | D:3      | Reached skill level 4 in Spellcasting
  1932 | D:3      | Reached skill level 2 in Air Magic
  2271 | D:3      | Found a faded altar of an unknown god.
  2276 | D:3      | Found an opulent altar of Gozag.
  2353 | D:3      | Found Vitowa's Distillery.
  2361 | D:3      | Bought a potion of enlightenment for 60 gold pieces
  2361 | D:3      | Bought a potion of heal wounds for 60 gold pieces
  2549 | D:3      | Reached XP level 6. HP: 36/36 MP: 10/12
  2667 | D:3      | Reached skill level 3 in Conjurations
  2667 | D:3      | Reached skill level 3 in Translocations
  2807 | D:3      | Found a runed translucent door.
  2808 | D:3      | Noticed Crazy Yiuf
  2970 | D:4      | Found a staircase to the Ecumenical Temple.
  2979 | Temple   | Entered the Ecumenical Temple
  3006 | Temple   | Became a worshipper of Vehumet
  3028 | D:4      | Learned a level 3 spell: Vampiric Draining
  3124 | D:4      | Noticed Grinder
  3126 | D:4      | Paralysed by Grinder for 2 turns
  3136 | D:4      | Paralysed by Grinder for 5 turns
  3139 | D:4      | Slain by Grinder

Illustrated notes

Levels and vault maps discovered:
D:1:      saegor_arrival_simple_d, layout_loops_ring, minmay_vboxes
D:2:      layout_loops_ring, minmay_bisected
D:3:      layout_loops_ring, nicolae_overflow_ecumenical_swirl, serial_shops,
          nicolae_shop_just_a_little_nook, nicolae_shop_advertising_works
          [nicolae_subvault_shop_adworks], shop, ebering_ghost_disaster_area,
          uniq_crazy_yiuf_cottage, uniq_natasha, uniq_jessica
D:4:      layout_loops_cross, minmay_temple_entry_slanted, uniq_ijyb,
          uniq_grinder
Temple:   nicolae_temple_bog_church

Skill      XL: |  1  2  3  4  5  6 |
---------------+-------------------+-----
Conjurations   | 2 3 |  3.1
Translocations | 2 3 |  3.0
Air Magic      | 1 2 |  2.4
Spellcasting   | 4 |  4.2
Dodging        | |  2.0
Stealth        | |  2.6
Summonings     | |  1.0

Action                     |  1- 3 |  4- 6 || total
---------------------------+-------+-------++-------
  Melee: Dagger            |    94 |    67 ||   161
         Tentacles         |    17 |    15 ||    32
         Constrict         |    18 |    18 ||    36
   Cast: Magic Dart        |    16 |    66 ||    82
         Mephitic Cloud    |       |     1 ||     1
  Evoke: Wand              |       |     7 ||     7
    Use: Scroll            |       |     6 ||     6
   Stab: Sleeping          |     9 |    12 ||    21
 Armour: Skin              |     9 |     2 ||    11
  Dodge: Dodged            |    79 |    42 ||   121

Table legend: (Time is in decaauts)
 A = Elapsed time spent in this place.
 B = Non-inter-level travel time spent in this place.
 C = Inter-level travel time spent in this place.
 D = Time resting spent in this place.
 E = Time spent auto-exploring this place.
 F = Levels seen in this place.
 G = Mean time per level.
                   A        B        C        D        E       F      G
               +--------+--------+--------+--------+--------+-----+--------+
         Total |   3139 |   2962 |    177 |    441 |   1851 |   5 |  627.8 |
       Dungeon |   3096 |   2936 |    160 |    441 |   1831 |   4 |  774.0 |
        Temple |     43 |     27 |     16 |      0 |     20 |   1 |   43.0 |
               +--------+--------+--------+--------+--------+-----+--------+

Top non-repeatable levels by time:
     D:3: 1174 daAuts
     D:1: 851 daAuts
     D:2: 825 daAuts
     D:4: 244 daAuts
  Temple: 43 daAuts
